 Dungeon Crawl Stone Soup version 0.18.1-48-g4cf74bf (webtiles) character file.

42 Larett the Sneak (level 3, 0/18 HPs)
             Began as a Spriggan Assassin on July 17, 2016.
             Slain by an adder (1 damage)
             ... on level 2 of the Dungeon.
             The game lasted 00:02:43 (1804 turns).

Larett the Sneak (Spriggan Assassin)                Turns: 1804, Time: 00:02:43

Health: 0/18       AC:  3    Str:  7    XL:     3   Next: 33%
Magic:  4/4        EV: 17    Int: 12    God:
Gold:   107        SH:  0    Dex: 18    Spells: 0 memorised, 2 levels left

rFire  . . .     SeeInvis +     m - -1 dagger (curse)
rCold  . . .     Gourm    .     c - +0 robe
rNeg   . . .     Faith    .     (shield restricted)
rPois  .         Spirit   .     (helmet restricted)
rElec  .         Dismiss  .     d - +0 cloak
rCorr  .         Reflect  .     (gloves unavailable)
SustAt .         Harm     .     (boots unavailable)
MR     .....                    (no amulet)
Stlth  ++++......               (no ring)
                                (no ring)

@: lethally poisoned (0 -> -10), very quick, not resistant to hostile
enchantments, stealthy
A: unfitting armour, see invisible, herbivore 3, speed 3, slow metabolism 2
a: no special abilities


You were on level 2 of the Dungeon.
You were not hungry.

You visited 1 branch of the dungeon, and saw 2 of its levels.

You collected 107 gold pieces.

Inventory:

Hand Weapons
 a - a +2 dagger
 b - a +0 blowgun
 m - a cursed -1 dagger (weapon)
Missiles
 e - 29 poisoned needles
 f - 2 curare-tipped needles
 p - 21 arrows
 q - 2 stones (quivered)
Armour
 c - a +0 robe (worn)
 d - a +0 cloak (worn)
Scrolls
 h - a scroll of enchant weapon
 i - a scroll of magic mapping
 j - a scroll of identify
Potions
 k - a potion of might {unknown}
 o - a potion of curing
Comestibles
 g - a bread ration
 l - a slice of pizza


   Skills:
 - Level 1.5 Fighting
 - Level 2.1 Short Blades
 - Level 2.0 Throwing
 - Level 1.5 Dodging
 + Level 7.8 Stealth


You had 2 spell levels left.
You didn't know any spells.

Dungeon Overview and Level Annotations

Branches:
Dungeon (2/15)

Altars:
Ashenzari


Innate Abilities, Weirdness & Mutations

You are tiny and cannot use many weapons and most armour.
You have supernaturally acute eyesight.
You are a herbivore.
You cover ground extremely quickly.
You need consume almost no food.


Message History

* * * LOW HITPOINT WARNING * * *
You feel sick. The adder misses you.
You hit the adder.
The adder is severely wounded.
* * * LOW HITPOINT WARNING * * *
You feel sick. The adder barely misses you.
You hit the adder.
The adder is almost dead.
* * * LOW HITPOINT WARNING * * *
You feel sick. The adder bites you.
* * * LOW HITPOINT WARNING * * *
You closely miss the adder.
The adder is almost dead.
* * * LOW HITPOINT WARNING * * *
You feel sick. The adder barely misses you.
The adder bites you but does no damage.
You completely miss the adder.
The adder is almost dead.
The adder bites you.
You die...

...........#..........# #....
##.........#+##)......# ####.
.....###.)....#.......# #######.
.....###......#.......####.......
.....##..>....'..######.....#####
.....##.......##.# #..S..#
.....##.......##.# #.....#
....†'........##.######.....#
.....###......##iS(...((....#
.....# #......#########.....#
.?...# #......# #.....# .....#
#......# ####### .....# #......#
####.# #......# #.# ########
####.# .....#


You could see an adder.

Vanquished Creatures
  An adder (D:2)
  2 dart slugs
  3 giant geckos
  A giant cockroach (D:1)
  6 goblins
  3 hobgoblins
  A ball python (D:1)
  2 bats
  3 kobolds
  3 rats
25 creatures vanquished.

Notes
Turn   | Place    | Note
--------------------------------------------------------------
     0 | D:1      | Larett the Spriggan Assassin began the quest for the Orb.
     0 | D:1      | Reached XP level 1. HP: 10/10 MP: 2/2
    21 | D:1      | Reached skill level 6 in Stealth
   105 | D:1      | Reached XP level 2. HP: 11/14 MP: 3/3
   600 | D:1      | Reached skill level 7 in Stealth
   900 | D:1      | Found a shattered altar of Ashenzari.
  1262 | D:2      | HP: 2/14 [adder (2)]
  1265 | D:2      | Reached XP level 3. HP: 2/18 MP: 4/4
  1802 | D:2      | HP: 2/18 [adder (3)]
  1804 | D:2      | Slain by an adder

Skill      XL: |  1  2 |
---------------+-------+-----
Stealth        | 6 7 |  7.8
Fighting       | |  1.5
Short Blades   | |  2.1
Throwing       | |  2.0
Dodging        | |  1.5

Action                   || total
-------------------------++-------
Melee: Dagger            ||   152
Throw: Stone             ||    13
  Use: Scroll            ||     5
       Potion            ||     1
 Stab: Sleeping          ||     7
Armor: Robe              ||    33
Dodge: Dodged            ||   126
